cohdb
Replays
Latest Replays
All Replays
Popular Replays
Top Player Replays
Match Explorer
How It Works
Community
CoH3 Stats
Reddit
Sign in to upload your games and track your stats! →
Sign in with Steam
Match 40081252
Unlisted
Match 40081252
Overview
Messages
Build Orders
End
Construct Infanterie Kompanie
Selects Mechanized Battlegroup
MG 42 Machine Gun Team
Grenadier Squad
Grenadier Squad
Grenadier Squad
Infanterie Officer Quarters
Construct Panzergrenadier Kompanie
Support Elements
Selects Raid Package
Nebelwerfer 42 Rocket Launcher Team
Panzergrenadier Officer Quarters
StuG III G Assault Gun
Selects StuG Assault Group
StuG Assault Group
Side Skirts
Selects Spotting Scopes
MG 42 Bunker
Medic#2
Booglog
Krystal Ion
츄륩츄륩
Hurricane
CPU - VERY EASY
0
0
Comments
sign in to comment!
No comments posted yet!